 Dungeon Crawl Stone Soup version 0.19.5 (webtiles) character file.

32 JeffiDaFish the Shield-Bearer (level 3, 0/18 HPs)
             Began as a Gargoyle Fighter on Oct 25, 2017.
             Slain by an ooze (3 damage)
             ... on level 1 of the Dungeon.
             The game lasted 00:01:47 (903 turns).

JeffiDaFish the Shield-Bearer (Gargoyle Fighter)     Turns: 903, Time: 00:01:47

Health: 0/18       AC: 10    Str: 19    XL:     3   Next: 27%
Magic:  3/3        EV:  7    Int:  8    God:
Gold:   70         SH:  9    Dex: 10    Spells: 0 memorised, 2 levels left

rFire  . . .     SeeInvis +     a - +1 flail
rCold  . . .     Gourm    .     b - +0 scale mail
rNeg   + . .     Faith    .     c - +0 shield
rPois  ∞         Spirit   .     (no helmet)
rElec  +         Reflect  .     (no cloak)
rCorr  .         Harm     .     (no gloves)
MR     .....                    (no boots)
Stlth  ..........               (no amulet)
                                h - ring of see invisible
                                (no ring)

@: no status effects
A: frail 2, negative energy resistance 1, screaming 1, electricity resistance,
unbreathing, petrification resistance, rot immunity, AC +3
a: no special abilities


You were on level 1 of the Dungeon.
You were not hungry.

You visited 1 branch of the dungeon, and saw 1 of its levels.

You collected 70 gold pieces.

Inventory:

Hand Weapons
 a - a +1 flail (weapon)
Armour
 b - a +0 scale mail (worn)
 c - a +0 shield (worn)
Jewellery
 h - a ring of see invisible (right hand)
Potions
 d - a potion of might
Comestibles
 f - 4 bread rations
 i - a meat ration


   Skills:
 + Level 3.6 Fighting
 + Level 2.5 Maces & Flails
 + Level 3.6 Armour
 + Level 3.7 Shields


You had 2 spell levels left.
You didn't know any spells.

Dungeon Overview and Level Annotations

Branches:
Dungeon (1/15)

Altars:


Innate Abilities, Weirdness & Mutations

You are resistant to torment.
Your stone body is resilient. (AC +3)
You are immune to poison.
You resist negative energy. (rN+)
You are resistant to electric shocks. (rElec)
You can survive without breathing.
You are immune to petrification.
You are immune to rotting.
You are very frail. (-20% HP)
You occasionally shout uncontrollably at your foes.


Message History

The ooze closely misses you. The ooze hits you but does no damage.
The ooze hits you but does no damage. The ooze hits you but does no damage.
The ooze hits you but does no damage. The ooze hits you but does no damage.
The ooze hits you but does no damage. The ooze hits you but does no damage.
You block the ooze's attack. The ooze hits you but does no damage.
The ooze closely misses you. The ooze hits you but does no damage.
The ooze hits you but does no damage.
The ooze jiggles.
The ooze hits you but does no damage. The ooze barely misses you.
The ooze hits you but does no damage. The ooze hits you but does no damage.
The ooze hits you.
You die...

.###.........###..#..............
####.#######......#######........
.....#.....####.>..##############
######..⌠.....###.........)......
####.........###..#############
###.#......#....##...........
...........###..##...........
##...#..<..# ##..#...........
##........###..@J...........
#.#......#....##...........
####.........##...#+#######
#..⌠.....###.....# #.....####
#.....########## #######
#..............# #..............#
############...#..........#
#..........#...#..........#


You could see an ooze.

Vanquished Creatures
  An ooze (D:1)
  2 dart slugs (D:1)
  A leopard gecko (D:1)
  A ball python (D:1)
  4 goblins (D:1)
  4 hobgoblins (D:1)
  4 kobolds (D:1)
  A bat (D:1)
  3 rats (D:1)
21 creatures vanquished.

Notes
Turn   | Place    | Note
-------+----------+-------------------------------------------
     0 | D:1      | JeffiDaFish the Gargoyle Fighter began the quest for the Orb.
     0 | D:1      | Reached XP level 1. HP: 14/14 MP: 1/1
   216 | D:1      | Reached XP level 2. HP: 19/19 MP: 2/2
   310 | D:1      | Reached XP level 3. HP: 23/23 MP: 3/3
   594 | D:1      | Gained mutation: You are frail. (-10% HP) [potion of mutation]
   594 | D:1      | Gained mutation: You are very frail. (-20% HP) [potion of mutation]
   594 | D:1      | Gained mutation: You occasionally shout uncontrollably at your foes. [potion of mutation]
   903 | D:1      | Slain by an ooze

Action                   || total
-------------------------++-------
Melee: Flail             ||    71
  Use: Scroll            ||     6
       Potion            ||     3
Armor: Scale mail        ||   100
Dodge: Dodged            ||    75
Block: Shield            ||    87
